Map: Orbital Shipyard

Players

Namshar - Winner!

  • Race: Zerg Zerg

Rengen

  • Race: Protoss Protoss
  • League: Grandmaster

Event: Gauntlet LotV Series 1 Qualifier 1

VOD

Have the link to the VOD?

Description

Time

  • Played on: Nov. 22, 2015, 3:33 p.m.
  • Length: 3:54

All games in this series

Show
View Real Time Build Order
Export as new Build Order

Namshar Zerg - Winner!

Build Orders: Hatch First 

Get SALT Encoding   

  12  0:01  Drone  
  13  0:12  Overlord  
  13  0:17  Drone  
  14  0:30  Drone  
  14  0:31  Drone  
  14  0:35  Drone  
  17  0:52  Hatchery  
  17  0:57  Drone  
  17  0:58  Drone  
  18  1:12  Extractor  
  18  1:13  Spawning Pool  
  16  1:18  Drone  
  16  1:19  Drone  
  18  1:27  Drone  
  19  1:40  Overlord  
  19  1:49  Drone  
  20  2:03  Queen  
  20  2:04  Queen, Zergling x4  
  26  2:13  Metabolic Boost  
  26  2:14  Zergling x2  
  27  2:16  Drone  
  27  2:22  Drone  
  29  2:26  Drone  
  30  2:35  Drone  
  31  2:38  Drone  
  32  2:44  Hatchery  
  32  2:47  Overlord  
  32  2:49  Queen  
  33  2:55  Drone x2  
  35  3:02  Drone  
  36  3:15  Zergling x2  
  36  3:16  Zergling x14  
Show
View Real Time Build Order
Export as new Build Order

Rengen Protoss 

Build Orders: Nexus First 

Get SALT Encoding   

  12  0:00  Probe (Chrono Boost)  
  13  0:11  Probe (Chrono Boost)  
  14  0:17  Pylon  
  14  0:22  Probe (Chrono Boost)  
  15  0:36  Probe (Chrono Boost)  
  16  0:46  Probe (Chrono Boost)  
  18  0:57  Probe (Chrono Boost)  
  18  1:01  Nexus  
  18  1:11  Gateway  
  18  1:15  Probe (Chrono Boost)  
  19  1:19  Assimilator  
  19  1:26  Probe (Chrono Boost)  
  19  1:31  Pylon  
  20  1:37  Probe (Chrono Boost)  
  21  1:44  Gateway  
  21  1:47  Probe (Chrono Boost)  
  22  1:58  Probe (Chrono Boost)  
  22  1:59  Cybernetics Core  
  23  2:06  Assimilator  
  23  2:09  Probe (Chrono Boost)  
  24  2:17  Probe (Chrono Boost)  
  24  2:20  Probe (Chrono Boost)  
  26  2:27  Probe (Chrono Boost)  
  27  2:30  Probe (Chrono Boost)  
  27  2:36  Adept x2 (Chrono Boost)  
  32  2:38  Probe  
  32  2:41  Probe  
  33  2:51  Mothership Core (Chrono Boost)  
  35  2:53  Probe (Chrono Boost)  
  36  3:05  Probe (Chrono Boost)  
  37  3:10  Probe (Chrono Boost)  
  38  3:15  Probe (Chrono Boost)  
  38  3:31  Probe (Chrono Boost)  
  38  3:33  Probe (Chrono Boost)  
  44  3:41  Probe (Chrono Boost)  
Tags
 
Add a new tag
Caveats
  • Supply blocks, unpowered buildings, or Contaminate may cause inaccurate times.
  • Supply counts are checked every 10 seconds.